 Dungeon Crawl Stone Soup version 0.21-a0-179-gd2bfb5f (webtiles) character file.

1103 MackTheKnife the Cleaver (level 8, -6/54 HPs)
             Began as an Octopode Fighter on Aug 9, 2017.
             Was an Initiate of Gozag.
             Mangled by an ice beast (7 damage)
             ... on level 5 of the Dungeon on Aug 10, 2017.
             The game lasted 00:06:58 (4664 turns).

MackTheKnife the Cleaver (Octopode Fighter)         Turns: 4664, Time: 00:06:59

Health: -6/54      AC:  1    Str: 18    XL:     8   Next: 32%
Magic:  8/8        EV: 12    Int: 10    God:    Gozag
Gold:   712        SH: 10    Dex: 11    Spells: 7/7 levels left

rFire    + . .     SeeInvis .   k - +2 hand axe (elec)
rCold    . . .     Gourm    .   b - +1 shield
rNeg     . . .     Faith    .   (helmet restricted)
rPois    .         Spirit   .   (no amulet)
rElec    .         Reflect  .   s - ring of protection from fire {rF+, !d}
rCorr    .         Harm     .   (no ring)
MR       .....                  (no ring)
Stlth    ++........             (no ring)
HPRegen  0.18/turn              (no ring)
MPRegen  0.11/turn              (no ring)
                                (no ring)
                                (no ring)

@: no status effects
A: almost no armour, stealthy swim, amphibious, 8 rings, constrict 8, camouflage
1, gelatinous body 1
a: Potion Petition, Call Merchant, Bribe Branch, Renounce Religion


You were on level 5 of the Dungeon.
You worshipped Gozag.
Gozag was pleased with you.
You were near starving.

You visited 1 branch of the dungeon, and saw 5 of its levels.
You also visited: Ossuary.

You collected 809 gold pieces.
You spent 55 gold pieces at shops.
You paid 42 gold pieces to Gozag.

Inventory:

Hand Weapons
 k - a +2 hand axe of electrocution (weapon)
   (You found it on level 2 of the Dungeon)
Armour
 b - a +1 shield (worn)
Jewellery
 s - a ring of protection from fire (left tentacle) {rF+, !d}
   (You found it on level 4 of the Dungeon)
Wands
 q - a wand of confusion (9/48)
   (You took it off Ijyb on level 4 of the Dungeon)
Scrolls
 a - a scroll of identify
 e - 2 scrolls of teleportation
 h - a scroll of remove curse
 j - a scroll of enchant armour
Potions
 c - 3 potions of might
 g - 3 potions of heal wounds
 i - 6 potions of curing
 m - a potion of mutation {!q}
 r - a potion of lignification {unknown}
 u - 3 potions of flight {unknown}
 v - 4 potions of degeneration {unknown}
 w - a potion of brilliance {unknown}
 x - a potion of haste {unknown}
 z - a potion of cancellation {unknown}
Comestibles
 d - 4 bread rations {@e1}
 l - a meat ration {@e2}
 n - 8 fruits


   Skills:
 + Level 4.8 Fighting
 + Level 8.1 Axes
 - Level 3.0 Dodging
 + Level 4.7 Shields


You had 7 spell levels left.
You didn't know any spells.

Dungeon Overview and Level Annotations

Branches:
Dungeon (5/15)
 Temple: D:4-7

Altars:
Gozag
Makhleb
Okawaru
Qazlal
Vehumet
Yredelemnul

Shops:
D:4 *

Annotations:
D:5 exclusion: centaur


Innate Abilities, Weirdness & Mutations

You cannot wear most types of armour.
You are very stealthy in the water. (Stealth+)
You are amphibious.
You can wear up to eight rings at the same time.
You can use your tentacles to constrict eight enemies at once.
Your skin changes colour to match your surroundings (Stealth+).
Your rubbery body absorbs attacks. (AC +1, EV +1)


Message History

Your +1 hand axe of electrocution glows red for a moment.
Drop what? 24/52 slots (_ for help) (? for menu, Esc to quit)
You drop a book of Misfortune.
You drop a dagger of venom.
There is an open door here.
There is a gate leading back out of this place here.
You regained 3 hp, and now have 49/54 hp.
Okay, then.
Welcome back to the Dungeon!
Level annotation: exclusion: centaur
There is a collapsed entrance here.
Drop what? 22/52 slots (_ for help) (? for menu, Esc to quit)
You drop a book of Debilitation.
There is an open door here.
A scorpion comes into view.
Health restored: 54 A scorpion is nearby!
A scorpion is nearby!
A scorpion is nearby!
There are no items here.
You block the scorpion's attack.
You hit the scorpion. Your grab misses the scorpion.
You block the scorpion's attack.
You barely miss the scorpion. Your grab misses the scorpion.
The scorpion closely misses you.
You closely miss the scorpion. You grab the scorpion.
You constrict the scorpion, but do no damage.
The scorpion stings you!
You are poisoned.
The scorpion poisons you!
You take 8 damage, and have 46/54 hp.
You hit the scorpion. You squeeze the scorpion! You constrict the scorpion.
You feel sick. The scorpion stings you!
You take 10 damage, and have 36/54 hp.
You slash the scorpion!
You kill the scorpion!
You feel sick.
You take 1 damage, and have 35/54 hp.
No target in view!
No target in view!
You feel sick.
You now have 712 gold pieces (gained 8).
You feel sick.
You feel sick.
You feel sick.
v - 4 fuming pink potions (gained 1)
You feel sick.
You feel sick.
You feel sick.
You feel sick.
You feel sick.
You feel sick.
You are no longer poisoned.
An ice beast comes into view.
You take 3 damage, and have 32/54 hp.
An ice beast is nearby!
An ice beast is nearby!
An ice beast is nearby!
An ice beast is nearby!
You start resting.
You are near starving!
You regained 12 hp, and now have 44/54 hp.
You start resting.
Health restored: 54 The ice beast is too close now for your liking.
An ice beast is nearby!
An ice beast is nearby!
The ice beast hits you. The ice beast freezes you!
You take 17 damage, and have 37/54 hp.
MASSIVE DAMAGE!!
You hit the ice beast but do no damage. The ice beast hits you.
The ice beast freezes you!
You take 17 damage, and have 20/54 hp.
MASSIVE DAMAGE!!
Aim: an ice beast (chance to defeat MR: 46%)
The ice beast resists with some effort.
This wand has 14 charges left.
You block the ice beast's attack.
Aim: an ice beast (chance to defeat MR: 46%)
The ice beast resists with some effort.
This wand has 13 charges left.
You block the ice beast's attack.
Aim: an ice beast (chance to defeat MR: 46%)
The ice beast resists with some effort.
This wand has 12 charges left.
The ice beast hits you. The ice beast freezes you!
* * * LOW HITPOINT WARNING * * *
You take 15 damage, and have 5/54 hp.
MASSIVE DAMAGE!!
Aim: an ice beast (chance to defeat MR: 46%)
The ice beast resists with some effort.
This wand has 11 charges left.
You block the ice beast's attack.
Okay, then.
Aim: an ice beast (chance to defeat MR: 46%)
The ice beast resists with some effort.
This wand has 10 charges left.
The ice beast barely misses you.
Aim: an ice beast (chance to defeat MR: 46%)
The ice beast resists with some effort.
This wand has 9 charges left.
The ice beast hits you.
* * * LOW HITPOINT WARNING * * *
The ice beast freezes you!
You die...
Your body crumbles into a pile of gold.

..... ...# $ ..#
#.# #.# #.# #.#
.. #Y# ..## #@#
..# #.# ##.# #.#
##..## #.##
##..#.# #..#
##.....####.##
#.......# #..#
#.......####.##
#####
#.......#.###..#
#.#.#


You could see an ice beast.

Vanquished Creatures
  A hippogriff (D:3)
  3 ogres (D:4)
  A scorpion (D:5)
  A gnoll shaman (D:4)
  2 hounds
  A jelly (D:5)
  3 orc wizards (D:4)
  An orc priest (D:4)
  An iguana (D:4)
  Ijyb (D:4)
  A worker ant (D:4)
  8 mummies (Ossuary)
  6 adders
  9 gnolls (D:4)
  A shadow imp (D:5)
  An ooze (D:5)
  A worm (D:3)
  A dart slug (D:1)
  5 orcs (D:4)
  A ball python (D:2)
  7 giant cockroaches
  4 gnoll zombies
  7 goblins
  4 hobgoblins
  8 bats
  5 frilled lizards
  2 hobgoblin zombies (Ossuary)
  A jackal skeleton (D:4)
  3 kobolds
  3 kobold zombies (Ossuary)
  A leopard gecko skeleton (D:4)
  An orc zombie (Ossuary)
  5 rats
100 creatures vanquished.

Notes
Turn   | Place    | Note
-------+----------+-------------------------------------------
     0 | D:1      | MackTheKnife the Octopode Fighter began the quest for the Orb.
     0 | D:1      | Reached XP level 1. HP: 16/16 MP: 1/1
   304 | D:1      | Reached XP level 2. HP: 17/21 MP: 2/2
   433 | D:1      | Reached skill level 3 in Axes
   992 | D:2      | Reached XP level 3. HP: 25/26 MP: 3/3
  1531 | D:3      | Reached skill level 4 in Axes
  1612 | D:3      | Reached XP level 4. HP: 30/31 MP: 4/4
  1688 | D:3      | Found a basalt altar of Yredelemnul.
  1840 | D:3      | Found an opulent altar of Gozag.
  1853 | D:3      | Became a worshipper of Gozag Ym Sagoz the Greedy
  2050 | D:3      | Found a burning altar of Makhleb.
  2172 | D:3      | Noticed a hippogriff
  2180 | D:3      | Killed a hippogriff
  2180 | D:3      | Reached skill level 6 in Axes
  2180 | D:3      | Reached XP level 5. HP: 14/36 MP: 5/5
  2180 | D:3      | Reached XP level 6. HP: 16/42 MP: 6/6
  2714 | D:4      | Reached skill level 7 in Axes
  2717 | D:4      | HP: 10/42 [poisoned by an orc wizard]
  2725 | D:4      | HP: 9/42 [poisoned by an orc wizard]
  2976 | D:4      | Found a radiant altar of Vehumet.
  2984 | D:4      | Reached XP level 7. HP: 42/46 MP: 7/7
  3005 | D:4      | Noticed Ijyb
  3035 | D:4      | Killed Ijyb
  3102 | D:4      | Found a stormy altar of Qazlal.
  3750 | D:4      | Reached skill level 4 in Shields
  3757 | D:4      | Reached skill level 4 in Fighting
  3786 | D:4      | Reached XP level 8. HP: 40/54 MP: 8/8
  3787 | D:4      | Upgraded the game from 0.21-a0-178-g0b87683 to 0.21-a0-179-gd2bfb5f
  3853 | D:4      | Found Sosut's General Store.
  3861 | D:4      | Bought a potion of heal wounds for 55 gold pieces
  3889 | D:4      | Found an iron altar of Okawaru.
  4045 | D:5      | Entered Level 5 of the Dungeon
  4046 | D:5      | Reached skill level 8 in Axes
  4212 | D:5      | Found a sand-covered staircase.
  4217 | Ossuary  | Entered an ossuary
  4657 | D:5      | HP: 5/54 [ice beast (13)]
  4664 | D:5      | HP: 1/54 [ice beast (5)]
  4664 | D:5      | Mangled by an ice beast

Vault maps used:
D:1:      eino_arrival_cavern_e
D:2:      first_bread, fountainhead, serial_bayou_ford_a
D:3:      nicolae_overflow_crystal_walls, lemuel_zombie_altar_yredelemnul,
          makhleb_heckhound_becter
D:4:      overflow_temple_1_default, nicolae_overflow_hidden_temple,
          serial_shops, nicolae_shop_waterfront, kennysheep_nondescript,
          uniq_ijyb
D:5:      enter_ossuary_2, grunt_ministairs_3
Ossuary:  ossuary_tomb_3

Skill      XL: |  1  2  3  4  5  6  7  8 |
---------------+-------------------------+-----
Axes           | 3 4 6 7 8 |  8.1
Shields        | 4 |  4.7
Fighting       | 4 |  4.8
Dodging        | |  3.0

Action                   |  1- 3 |  4- 6 |  7- 9 || total
-------------------------+-------+-------+-------++-------
Melee: War axe           |    58 |       |       ||    58
       Constrict         |    14 |    11 |    21 ||    46
       Tentacles         |     9 |     4 |    17 ||    30
       Hand axe          |     6 |    47 |    91 ||   144
Invok: Potion Petition   |       |     1 |       ||     1
Evoke: Wand              |       |       |    16 ||    16
  Use: Scroll            |     3 |     3 |     5 ||    11
 Stab: Sleeping          |    13 |     5 |     2 ||    20
       Confused          |       |       |     1 ||     1
  Eat: Chunk             |     2 |     2 |       ||     4
       Royal jelly       |       |     1 |     2 ||     3
Armor: Skin              |     1 |     2 |     1 ||     4
Dodge: Dodged            |    27 |    20 |    21 ||    68
Block: Shield            |    24 |    22 |    32 ||    78

Vault maps used:
D:1:      eino_arrival_cavern_e
D:2:      first_bread, fountainhead, serial_bayou_ford_a
D:3:      nicolae_overflow_crystal_walls, lemuel_zombie_altar_yredelemnul,
          makhleb_heckhound_becter
D:4:      overflow_temple_1_default, nicolae_overflow_hidden_temple,
          serial_shops, nicolae_shop_waterfront, kennysheep_nondescript,
          uniq_ijyb
D:5:      enter_ossuary_2, grunt_ministairs_3
Ossuary:  ossuary_tomb_3

Table legend:
 A = Turns spent in this place as a percentage of turns spent in the entire game.
 B = Non-inter-level travel turns spent in this place as a percentage of non-inter-level travel turns spent in the entire game.
 C = Inter-level travel turns spent in this place as a percentage of turns spent in this place.
 D = Turns resting spent in this place as a percentage of non-inter-level travel turns spent in this place.
 E = Turns spent auto-exploring this place as a percentage of non-inter-level travel turns spent in this place.
 F = Non-inter-level travel turns spent in this place divided by the number of levels of this place that you've seen.
                   A       B       C       D       E      F
               +-------+-------+-------+-------+-------+----------------------
         Total | 100.0 | 100.0 |   0.4 |   2.5 |  10.0 | 206.2
       Dungeon |  90.9 |  90.9 |   0.4 |   2.8 |  10.1 | 224.8
       Ossuary |   9.1 |   9.1 |   0.0 |   0.0 |   8.8 | 113.0
               +-------+-------+-------+-------+-------+----------------------

Table legend:
 A = Kills in this place as a percentage of kills in entire the game.
 B = Kills by you in this place as a percentage of kills by you in the entire game.
 C = Kills by friends in this place as a percentage of kills by friends in the entire game.
 D = Other kills in this place as a percentage of other kills in the entire game.
 E = Experience gained in this place as a percentage of experience gained in the entire game.
 F = Experience gained in this place divided by the number of levels of this place that you have seen.
                   A       B       C       D       E      F
               +-------+-------+-------+-------+-------+----------------------
         Total | 100.0 | 100.0 |  -nan |  -nan | 100.0 | 262.8
       Dungeon |  84.0 |  84.0 |  -nan |  -nan |  90.5 | 285.4
       Ossuary |  16.0 |  16.0 |  -nan |  -nan |   9.5 | 150.0
               +-------+-------+-------+-------+-------+----------------------
